[Event "Betsys MČR v online bleskovém šachu 2021"]
[Site "Chess.com"]
[Date "2021.04.17"]
[Round "2"]
[White "Tynano"]
[Black "Miky2610"]
[Result "1-0"]
[WhiteElo "2155"]
[BlackElo "1843"]
[TimeControl "180+1"]
[EndTime "9:12:36 PDT"]
[Termination "Uživatel Tynano zvítězil matem"]

1. e4 c6 2. d4 d5 3. Nc3 dxe4 4. Nxe4 Bf5 5. Ng3 Bg6 6. Nf3 Nf6 7. h4 h6 8. h5 Bh7 9. Bd3 Bxd3 10. Qxd3 e6 11. Bd2 Bd6 12. Ne4 Nxe4 13. Qxe4 Qc7 14. O-O-O Nd7 15.
c4 O-O-O 16. c5 Be7 17. Bf4 Qa5 18. Kb1 b6 19. Qxc6# 1-0

[Event "Betsys MČR v online bleskovém šachu 2021"]
[Site "Chess.com"]
[Date "2021.04.17"]
[Round "2"]
[White "Newyork6"]
[Black "feela1"]
[Result "0-1"]
[WhiteElo "333"]
[BlackElo "1505"]
[TimeControl "180+1"]
[EndTime "9:12:53 PDT"]
[Termination "Uživatel feela1 zvítězil matem"]

1. Nf3 Nc6 2. g3 e5 3. Bg2 d5 4.
O-O Be6 5. Nxe5 Nxe5 6. e3 Qd7 7. g4 Bxg4 8. h3 Bxh3 9. Bxh3 Qxh3 10. Re1 Nf3+ 11.
Qxf3 Qxf3 12. c3 O-O-O 13. b3 Bd6 14. a3 Qg4+ 15. Kf1 Nf6 16. Re2 Bh2 17. Bb2 Qg1# 0-1

[Event "Betsys MČR v online bleskovém šachu 2021"]
[Site "Chess.com"]
[Date "2021.04.17"]
[Round "2"]
[White "YawningBagel"]
[Black "sachistamartin"]
[Result "1-0"]
[WhiteElo "1931"]
[BlackElo "1448"]
[TimeControl "180+1"]
[EndTime "9:13:09 PDT"]
[Termination "Uživatel YawningBagel zvítězil po vzdání soupeře"]

1. d4 d5 2. c4 Nf6 3. Nc3 e6 4.
cxd5 Nxd5 5. e4 Nxc3 6. bxc3 Nc6 7.
Nf3 b6 8. Bb5 Bb7 9. d5 exd5 10.
exd5 Qe7+ 11. Qe2 Qxe2+ 12. Kxe2 O-O-O 13. Bxc6 Bxc6 14. dxc6 Bc5 15. Be3 Rhe8 16. Rhd1 Bxe3 17. fxe3 Re6 18. Rxd8+ Kxd8 19. Nd4 Rg6 20. Kf2 Rf6+ 21. Ke2 h5 22. a4 g5 23. a5 Rd6 24. axb6 axb6 25. Ra8+ Ke7 26. Rc8 Kf6 27. Rxc7 g4 28.
Rb7 1-0

[Event "Betsys MČR v online bleskovém šachu 2021"]
[Site "Chess.com"]
[Date "2021.04.17"]
[Round "2"]
[White "Saygram"]
[Black "Vitana"]
[Result "1-0"]
[WhiteElo "2399"]
[BlackElo "2007"]
[TimeControl "180+1"]
[EndTime "9:13:13 PDT"]
[Termination "Uživatel Saygram zvítězil po vzdání soupeře"]

1. e4 e6 2. d4 d5 3. Nd2 dxe4 4. Nxe4 Nd7 5. Nf3 Ngf6 6. Nxf6+ Nxf6 7. g3 Be7 8. Bg2 O-O 9. O-O Rb8 10. Ne5 Bd7 11. c4 b6 12. Bf4 Rc8 13. Bb7 Rb8 14. Bc6 Qe8 15. Nxd7 Nxd7 16. Qa4 b5 17. Bxb5 1-0

[Event "Betsys MČR v online bleskovém šachu 2021"]
[Site "Chess.com"]
[Date "2021.04.17"]
[Round "2"]
[White "Honza_13"]
[Black "adambelaska"]
[Result "1-0"]
[WhiteElo "1857"]
[BlackElo "1437"]
[TimeControl "180+1"]
[EndTime "9:13:18 PDT"]
[Termination "Uživatel Honza_13 zvítězil po vzdání soupeře"]

1. Nf3 d5 2. g3 Nf6 3. Bg2 Nc6 4. d4 g6 5. O-O Bg7 6. c4 O-O 7. Nc3 e6 8. Re1 Bd7 9. Bg5 Qe7 10. cxd5 exd5 11.
Nxd5 Qe6 12. Nxc7 Qd6 13. Nxa8 Rxa8 14. Bf4 Qe6 15. Ne5 Nxe5 16. dxe5 Nd5 17. Qxd5 Qxd5 18.
Bxd5 1-0

[Event "Betsys MČR v online bleskovém šachu 2021"]
[Site "Chess.com"]
[Date "2021.04.17"]
[Round "2"]
[White "Lunaticx"]
[Black "Innerz98"]
[Result "1-0"]
[WhiteElo "3005"]
[BlackElo "2105"]
[TimeControl "180+1"]
[EndTime "9:13:27 PDT"]
[Termination "Uživatel Lunaticx zvítězil po vzdání soupeře"]

1. e4 e5 2. Nf3 Nf6 3. Nxe5 d6 4. Nf3 Nxe4 5. Bd3 Nc5 6. Be2 Be7 7. d4 Ne4 8. O-O d5 9. c4 O-O 10. Nc3 Nxc3 11.
bxc3 c6 12. Qb3 Qb6 13. Re1 dxc4 14. Bxc4 Qxb3 15. axb3 Bf6 16. Bf4 Bf5 17. h3 Nd7 18. g4 Bg6 19. g5 Bh5 20. Kg2 Bd8 21. Bd6 Bb6 22. Bxf8 Nxf8 23. Ne5 Ng6 24. Bxf7+ Kf8 25. Bxg6 1-0

[Event "Betsys MČR v online bleskovém šachu 2021"]
[Site "Chess.com"]
[Date "2021.04.17"]
[Round "2"]
[White "Hroch_Hippo"]
[Black "Tobish"]
[Result "0-1"]
[WhiteElo "1078"]
[BlackElo "1666"]
[TimeControl "180+1"]
[EndTime "9:13:29 PDT"]
[Termination "Uživatel Tobish zvítězil po vzdání soupeře"]

1. e4 c5 2. Nf3 Nc6 3. Bc4 e6 4.
Nc3 Nge7 5. O-O d5 6. exd5 exd5 7.
Bb5 g6 8. Bxc6+ bxc6 9. Re1 Bg7 10. Na4 c4 11. c3 O-O 12. Nd4 Bd7 13. Nc5 Re8 14. Nxd7 Qxd7 15. b3 Nf5 16. Nxf5 Qxf5 17. Rxe8+ Rxe8 18. bxc4 Qe4 19. Kf1 Qxc4+ 20. Kg1 Qe4 21.
Kf1 Be5 22. f3 Qd3+ 23. Kg1 Bxc3 24. Ba3 Bxd2 25. Rb1 Re1+ 26. Qxe1 Bxe1 27. Rxe1 Qxa3 0-1

[Event "Betsys MČR v online bleskovém šachu 2021"]
[Site "Chess.com"]
[Date "2021.04.17"]
[Round "2"]
[White "Tomasbezdek07"]
[Black "Michelangelo111"]
[Result "0-1"]
[WhiteElo "1685"]
[BlackElo "2128"]
[TimeControl "180+1"]
[EndTime "9:13:34 PDT"]
[Termination "Uživatel Michelangelo111 zvítězil po vzdání soupeře"]

1. e4 c5 2. c3 d5 3. exd5 Qxd5 4. d4 cxd4 5. cxd4 e5 6. Nf3 exd4 7. Qxd4 Qxd4 8. Nxd4 Bc5 9. Nb3 Bb6 10. Bb5+ Bd7 11. Bxd7+ Nxd7 12. O-O O-O-O 13. Nc3 Ngf6 14. Bf4 Nc5 15. Nxc5 Bxc5 16. Na4 Bd6 17. Bg5 Be5 18. Rac1+ Kb8 19. Rc2 h6 20. Bh4 Rd4 21. Bg3 Bxg3 22. hxg3 Rxa4 0-1

[Event "Betsys MČR v online bleskovém šachu 2021"]
[Site "Chess.com"]
[Date "2021.04.17"]
[Round "2"]
[White "TomasOrnet1"]
[Black "Rozmetal"]
[Result "0-1"]
[WhiteElo "1508"]
[BlackElo "2121"]
[TimeControl "180+1"]
[EndTime "9:13:40 PDT"]
[Termination "Uživatel Rozmetal zvítězil po vzdání soupeře"]

1. e4 c5 2. Bc4 e6 3. Nf3 Nc6 4. d3 Nf6 5. Bf4 d5 6. exd5 Nxd5 7. Bxd5 Qxd5 8. Nc3 Qf5 9. Bg3 a6 10. O-O Be7 11. Qd2 O-O 12. Qf4 Qxf4 13. Bxf4 b5 14. Ne4 Rd8 15. Rad1 Bb7 16. Bg5 f6 17. Bh4 Rd7 18.
Bg3 Rad8 19. h3 e5 20. Nh2 Nd4 21. Rd2 f5 22. Bxe5 fxe4 23. Bxd4 Rxd4 0-1

[Event "Betsys MČR v online bleskovém šachu 2021"]
[Site "Chess.com"]
[Date "2021.04.17"]
[Round "2"]
[White "JindrichT_JR_CZE"]
[Black "Hanicka1517"]
[Result "0-1"]
[WhiteElo "912"]
[BlackElo "1609"]
[TimeControl "180+1"]
[EndTime "9:13:41 PDT"]
[Termination "Uživatel Hanicka1517 zvítězil matem"]

1. e4 e6 2. d4 d5 3. e5 c5 4. c3 Nc6 5. Bb5 Bd7 6. Bxc6 Bxc6 7. Nf3 cxd4 8. cxd4 Ne7 9. Be3 Nf5 10. O-O Be7 11. Nc3 O-O 12. Re1 Nxe3 13. fxe3 f6 14. Rc1 fxe5 15. Nxe5 Rc8 16. Nxc6 Rxc6 17. Nb5 a6 18. Rxc6 bxc6 19. Nc3 c5 20. dxc5 Bxc5 21. Na4 Ba7 22. Qg4 Qf6 23. Kh1 Qf1+ 24. Rxf1 Rxf1# 0-1

[Event "Betsys MČR v online bleskovém šachu 2021"]
[Site "Chess.com"]
[Date "2021.04.17"]
[Round "2"]
[White "DiscoSTU666"]
[Black "TerezaRodshtein"]
[Result "1-0"]
[WhiteElo "1889"]
[BlackElo "2180"]
[TimeControl "180+1"]
[EndTime "9:13:45 PDT"]
[Termination "Uživatel DiscoSTU666 zvítězil po vzdání soupeře"]

1. e4 e5 2. Nf3 Nc6 3. Bc4 Bc5 4. O-O Nf6 5. d4 Bxd4 6. Nxd4 Nxd4 7. f4 d6 8. fxe5 dxe5 9. Bg5 Be6 10. Na3 Qe7 11. c3 Bg4 12. Bxf6 Bxd1 13. Bxe7 Ne2+ 14. Bxe2 Bxe2 15. Rfe1 1-0

[Event "Betsys MČR v online bleskovém šachu 2021"]
[Site "Chess.com"]
[Date "2021.04.17"]
[Round "2"]
[White "PremetFugas"]
[Black "petiva3"]
[Result "1-0"]
[WhiteElo "2112"]
[BlackElo "1347"]
[TimeControl "180+1"]
[EndTime "9:14:05 PDT"]
[Termination "Uživatel PremetFugas zvítězil po vzdání soupeře"]

1. e4 e5 2. Nf3 Nc6 3. d4 exd4 4. Nxd4 Bc5 5. Be3 Qf6 6. c3 Nge7 7. Bc4 O-O 8. O-O Nxd4 9. cxd4 Bb6 10. Nc3 d6 11. Kh1 Be6 12. d5 Bxe3 13. fxe3 Qh6 14. dxe6 f6 15. Qf3 Kh8 16. Nd5 Nxd5 17. exd5 Rae8 18.
Qf4 Qg6 19. Rad1 h5 20. Bd3 Qg4 21. Qxg4 hxg4 22. Bg6 Rc8 23. Rf5 c6 24. dxc6 Rxc6 25. Rh5+ Kg8 26. Bh7+ Kh8 27. Be4+ Kg8 28. Bxc6 bxc6 29.
Rxd6 Rc8 30. Rc5 Kf8 31. Rdxc6 Rxc6 32. Rxc6 Ke7 33. Rc7+ Kxe6 34. Rxa7 Ke5 35. Rxg7 Ke4 36. Rxg4+ Kxe3 37. Rg6 f5 38. Rf6 f4 39. Rxf4 Kxf4 40.
a4 Ke3 41. a5 1-0

[Event "Betsys MČR v online bleskovém šachu 2021"]
[Site "Chess.com"]
[Date "2021.04.17"]
[Round "2"]
[White "vaclavbelaska"]
[Black "kol340"]
[Result "0-1"]
[WhiteElo "1403"]
[BlackElo "1827"]
[TimeControl "180+1"]
[EndTime "9:14:13 PDT"]
[Termination "Uživatel kol340 zvítězil po vzdání soupeře"]

1. e4 c6 2. Nc3 d5 3. Nf3 dxe4 4. Nxe4 Nf6 5. Nxf6+ gxf6 6. d4 Bf5 7. Bd3 Bg6 8. O-O e6 9. Bxg6 hxg6 10. Qd3 Bd6 11.
h3 Qc7 12. Qb3 Nd7 13. Re1 O-O 14. Bh6 Rfe8 15. Nh4 f5 16. Re2 Be7 17. Nf3 Bf6 18. Rae1 Nb6 19. c3 Rad8 20. Bg5 Qe7 21. Bxf6 Qxf6 22. Ne5 Nd7 23. Nxd7 Rxd7 24. Qc2 b6 25.
Qd3 c5 26. Qf3 cxd4 27. Qc6 Red8 28. c4 0-1

[Event "Betsys MČR v online bleskovém šachu 2021"]
[Site "Chess.com"]
[Date "2021.04.17"]
[Round "2"]
[White "Tah_na_g12"]
[Black "DavidZidlicky"]
[Result "0-1"]
[WhiteElo "1178"]
[BlackElo "1709"]
[TimeControl "180+1"]
[EndTime "9:14:13 PDT"]
[Termination "Uživatel DavidZidlicky zvítězil matem"]

1. d4 d5 2. c4 dxc4 3. e4 e6 4. Bxc4 Nf6 5. Nc3 Bb4 6. Qb3 Bxc3+ 7. bxc3 Nxe4 8. Nf3 Nd6 9. Bb5+ c6 10. Ba4 b5 11.
Bxb5 cxb5 12. Ne5 O-O 13. O-O a6 14. Bg5 f6 15. Bxf6 Rxf6 16. f4 Qc7 17. g4 Nc4 18. f5 Nxe5 19. dxe5 Qxe5 20. fxe6 Qe3+ 21. Kh1 Bb7+ 22.
Rf3 Bxf3# 0-1

[Event "Betsys MČR v online bleskovém šachu 2021"]
[Site "Chess.com"]
[Date "2021.04.17"]
[Round "2"]
[White "lupinek23"]
[Black "matycz07"]
[Result "0-1"]
[WhiteElo "1609"]
[BlackElo "998"]
[TimeControl "180+1"]
[EndTime "9:14:21 PDT"]
[Termination "Uživatel matycz07 zvítězil po vzdání soupeře"]

1. e4 e5 2. Nf3 Nc6 3. d4 Bd6 4. d5 Nd4 5. c3 Nxf3+ 6. Qxf3 Bc5 7. Bc4 d6 8. O-O Nf6 9. Be3 Bg4 10. Qg3 Bxe3 11. fxe3 O-O 12. h3 Nh5 13. Qh2 Bd7 14. Nd2 c6 15. Nf3 cxd5 16. exd5 Qc7 17. Bd3 Qc5 18.
Rae1 Qxd5 19. Rd1 e4 20. Bxe4 Qxe4 21. Qxd6 Ng3 22. Qxd7 Nxf1 23. Rxf1 Qxe3+ 24. Kh1 Rad8 25. Qxb7 Qe2 26. Ng5 Qxf1+ 27. Kh2 h6 28. Ne6 fxe6 29. Qc6 Rd2 30. Qxe6+ Kh7 0-1

[Event "Betsys MČR v online bleskovém šachu 2021"]
[Site "Chess.com"]
[Date "2021.04.17"]
[Round "2"]
[White "zaciname"]
[Black "Klapuch05"]
[Result "0-1"]
[WhiteElo "709"]
[BlackElo "1534"]
[TimeControl "180+1"]
[EndTime "9:14:25 PDT"]
[Termination "Uživatel Klapuch05 zvítězil matem"]

1. e4 c5 2. Nf3 d6 3. d4 cxd4 4. Nxd4 Nf6 5. Nc3 g6 6. Bg5 Bg7 7. Bd3 O-O 8. O-O Nc6 9. Nf3 Be6 10. Qd2 Rc8 11. Bh6 a6 12. a3 Ng4 13. Be3 Nxe3 14.
Qxe3 Ne5 15. Nxe5 Bxe5 16. Rab1 Qc7 17. Ne2 Rfd8 18. Rfc1 d5 19. Nf4 Bxf4 20. Qxf4 Qxf4 21. f3 dxe4 22. Bxe4 Rd2 23. Rd1 Qe3+ 24. Kh1 Qf2 25.
Rg1 Bf5 26. Rbf1 Bxe4 27. Rxf2 Rxf2 28. Re1 Rcxc2 29. Kg1 Rxg2+ 30. Kf1 Rcf2# 0-1

[Event "Betsys MČR v online bleskovém šachu 2021"]
[Site "Chess.com"]
[Date "2021.04.17"]
[Round "2"]
[White "karimaster100"]
[Black "Pekibeast"]
[Result "1-0"]
[WhiteElo "2190"]
[BlackElo "1859"]
[TimeControl "180+1"]
[EndTime "9:14:34 PDT"]
[Termination "Uživatel karimaster100 zvítězil po vzdání soupeře"]

1. Nf3 g6 2. g3 Bg7 3. d4 Nf6 4. Bg2 c6 5. c4 O-O 6. O-O d5 7. b3 Re8 8. Bb2 Na6 9. Nc3 Nc7 10. Rc1 Qd6 11. Nd2 Bf5 12. Re1 Bh6 13. e3 a6 14. Qe2 Bg4 15. f3 Bf5 16. Rcd1 Qd8 17. Kh1 e5 18. dxe5 Rxe5 19. e4 dxe4 20. Ndxe4 Qe7 21. Nxf6+ Qxf6 22. Qxe5 Qxe5 23. Rxe5 Bg7 24.
Ree1 Ne6 25. Ba1 Nd4 26. g4 Be6 27. Ne4 Rd8 28. Bxd4 Bxd4 29. Rd3 c5 30. Nxc5 1-0

[Event "Betsys MČR v online bleskovém šachu 2021"]
[Site "Chess.com"]
[Date "2021.04.17"]
[Round "2"]
[White "MartinHollan"]
[Black "florenc1330"]
[Result "1-0"]
[WhiteElo "2579"]
[BlackElo "2086"]
[TimeControl "180+1"]
[EndTime "9:14:39 PDT"]
[Termination "Uživatel MartinHollan zvítězil po vzdání soupeře"]

1. e4 d5 2. exd5 Qxd5 3. Nc3 Qa5 4. Nf3 Nf6 5. d4 Bg4 6. Bc4 Nc6 7. h3 Qh5 8. Be3 O-O-O 9. Be2 e5 10. Rf1 Bxf3 11.
Bxf3 Qg6 12. Bxc6 bxc6 13. Qe2 exd4 14. O-O-O Bc5 15. Na4 dxe3 16. Qa6+ Kb8 17. Nxc5 1-0

[Event "Betsys MČR v online bleskovém šachu 2021"]
[Site "Chess.com"]
[Date "2021.04.17"]
[Round "2"]
[White "JohnnyDuck64"]
[Black "viklan"]
[Result "1-0"]
[WhiteElo "2133"]
[BlackElo "1573"]
[TimeControl "180+1"]
[EndTime "9:14:39 PDT"]
[Termination "Uživatel JohnnyDuck64 zvítězil po vzdání soupeře"]

1. e4 c5 2. Nf3 d6 3. d4 cxd4 4. Nxd4 Nf6 5. Nc3 a6 6. Bg5 e6 7. f4 Nbd7 8. Qf3 Qc7 9. O-O-O b5 10. Bxb5 axb5 11. Ndxb5 Qb6 12. e5 Bb7 13. Qe2 Nd5 14. Nxd5 Bxd5 15. Rxd5 exd5 16. exd6+ Ne5 17. Nc7+ Kd7 18.
Nxa8 Qxd6 19. fxe5 Qc6 20. Qg4+ Ke8 21. Nb6 Qxb6 22.
Qc8+ 1-0

[Event "Betsys MČR v online bleskovém šachu 2021"]
[Site "Chess.com"]
[Date "2021.04.17"]
[Round "2"]
[White "Joanna23W"]
[Black "ReceptiveYoyo"]
[Result "1-0"]
[WhiteElo "2683"]
[BlackElo "1314"]
[TimeControl "180+1"]
[EndTime "9:14:44 PDT"]
[Termination "Uživatel Joanna23W zvítězil po vzdání soupeře"]

1. e4 c5 2. Nf3 d6 3. d4 cxd4 4. Nxd4 Nc6 5. Nc3 g6 6. Be3 Bg7 7. Qd2 Nf6 8. f3 O-O 9. g4 d5 10. Nxc6 bxc6 11. O-O-O dxe4 12. Qxd8 exf3 13. Qxe7 Bxg4 14.
Bc4 Rae8 15. Qc5 f2 16. Rdf1 Bf3 17. Bxf2 Bxh1 18. Rxh1 Ne4 19. Nxe4 Rxe4 20. Bg3 Bh6+ 21. Kb1 Rfe8 22. Qxc6 Be3 23. a3 Bd4 24. Rf1 Kh8 25. Bxf7 Rf8 26. Qxe4 1-0

[Event "Betsys MČR v online bleskovém šachu 2021"]
[Site "Chess.com"]
[Date "2021.04.17"]
[Round "2"]
[White "MartinCerveny"]
[Black "kecalk"]
[Result "0-1"]
[WhiteElo "2651"]
[BlackElo "2147"]
[TimeControl "180+1"]
[EndTime "9:14:45 PDT"]
[Termination "Uživatel kecalk zvítězil po vzdání soupeře"]

1. d4 d5 2. c4 e6 3. Nc3 Nf6 4. cxd5 exd5 5. Bg5 Be7 6. e3 c6 7. Bd3 Nbd7 8. Qc2 h6 9. Bh4 Nh5 10. Bxe7 Qxe7 11. Nf3 Nf4 12. O-O Nxd3 13. Qxd3 O-O 14.
a3 a5 15. h3 Re8 16. Rfe1 Nb6 17. Ne5 f6 18. Ng6 Qf7 19. b3 Bd7 20. a4 Nc8 21. f3 Nd6 22. g4 Ne4 23. Nxe4 dxe4 24.
Qc4 Be6 25. Qc2 Qxg6 26. fxe4 Bd7 27. Rac1 Rxe4 0-1

[Event "Betsys MČR v online bleskovém šachu 2021"]
[Site "Chess.com"]
[Date "2021.04.17"]
[Round "2"]
[White "JuliliaR"]
[Black "krajic001"]
[Result "0-1"]
[WhiteElo "1328"]
[BlackElo "1841"]
[TimeControl "180+1"]
[EndTime "9:14:45 PDT"]
[Termination "Uživatel krajic001 zvítězil matem"]

1. d4 Nf6 2. c4 e5 3. dxe5 Ng4 4. Bf4 Nc6 5. Nf3 Bb4+ 6. Nc3 Qe7 7. Qd5 Bxc3+ 8.
bxc3 O-O 9. h3 Nh6 10. Bxh6 gxh6 11. e3 d6 12. exd6 Qxd6 13. Qh5 Qg6 14. Qd5 Rd8 15. Qc5 Qc2 16. Qa3 Ne5 17. Rc1 Nxf3+ 18. gxf3 Qd2# 0-1

[Event "Betsys MČR v online bleskovém šachu 2021"]
[Site "Chess.com"]
[Date "2021.04.17"]
[Round "2"]
[White "FormerProdigy"]
[Black "JindrichT_CZE"]
[Result "1-0"]
[WhiteElo "2856"]
[BlackElo "2097"]
[TimeControl "180+1"]
[EndTime "9:14:46 PDT"]
[Termination "Uživatel FormerProdigy zvítězil po vzdání soupeře"]

1. d4 d5 2. c4 e6 3. Nc3 Nf6 4. cxd5 exd5 5. Bg5 Nbd7 6. e3 c6 7. Bd3 Be7 8. Nge2 O-O 9. O-O Re8 10. Qc2 Ne4 11.
Bxe7 Qxe7 12. Rae1 Ndf6 13. f3 Nxc3 14. Nxc3 Bd7 15. Qf2 Qd6 16. h3 Re7 17. e4 dxe4 18.
fxe4 Qc7 19. e5 Nd5 20. Qh4 g6 21. Nxd5 cxd5 22. Qxe7 1-0

[Event "Betsys MČR v online bleskovém šachu 2021"]
[Site "Chess.com"]
[Date "2021.04.17"]
[Round "2"]
[White "ritchi12"]
[Black "pohoda1966"]
[Result "0-1"]
[WhiteElo "1166"]
[BlackElo "1720"]
[TimeControl "180+1"]
[EndTime "9:14:48 PDT"]
[Termination "Uživatel pohoda1966 zvítězil matem"]

1. e4 e5 2. Nf3 Nc6 3. Nc3 Be7 4. d4 d6 5. d5 Nb8 6. Bb5+ c6 7. dxc6 bxc6 8. Ba4 Bd7 9. O-O Nf6 10. Bg5 O-O 11.
Nh4 h6 12. Bxf6 Bxf6 13. Nf5 Qc7 14. Qf3 Na6 15. a3 Nc5 16. b4 Nxa4 17. Nxa4 c5 18.
bxc5 Bxa4 19. cxd6 Qc5 20. c3 Bd7 21. Rab1 Bxf5 22. exf5 Qxd6 23. Rfd1 Qc5 24. Rbc1 Qxa3 25. c4 Qxf3 26. gxf3 Bg5 27. Kg2 Bxc1 28. Rxc1 Rfc8 29. Kg3 a5 30. Kg4 a4 31. Kh5 a3 32. f6 g6+ 33.
Kxh6 a2 34. Ra1 Rxc4 35. Kg5 Rb4 36. Rxa2 Rxa2 37. h4 Rxf2 38. h5 gxh5 39. Kxh5 Rxf3 40. Kg5 e4 41. Kh6 e3 42. Kg5 e2 43. Kh5 e1=Q 44. Kg5 Qe5+ 45. Kh6 Rh4# 0-1

[Event "Betsys MČR v online bleskovém šachu 2021"]
[Site "Chess.com"]
[Date "2021.04.17"]
[Round "2"]
[White "maelic"]
[Black "Richter_Rudolf"]
[Result "1-0"]
[WhiteElo "1781"]
[BlackElo "1304"]
[TimeControl "180+1"]
[EndTime "9:14:51 PDT"]
[Termination "Uživatel maelic zvítězil po vzdání soupeře"]

1. d4 d5 2. Bf4 Nf6 3. e3 Bf5 4.
c4 e6 5. Qb3 b6 6. Nc3 c5 7. cxd5 exd5 8. Bb5+ Bd7 9. Nxd5 Nxd5 10.
Qxd5 Bxb5 11. Qxa8 Bd6 12. Qe4+ Kf8 13. Nf3 Bc6 14.
d5 Bxf4 15. dxc6 Qd6 16. Qxf4 Qxf4 17. exf4 Nxc6 18. O-O-O Ke7 19. Rhe1+ Kf6 20. Rd6+ 1-0

[Event "Betsys MČR v online bleskovém šachu 2021"]
[Site "Chess.com"]
[Date "2021.04.17"]
[Round "2"]
[White "hvanacek"]
[Black "jsebesta"]
[Result "0-1"]
[WhiteElo "957"]
[BlackElo "1619"]
[TimeControl "180+1"]
[EndTime "9:14:56 PDT"]
[Termination "Uživatel jsebesta zvítězil matem"]

1. e4 Nc6 2. b3 e5 3. Bb2 d6 4. Nf3 Nf6 5. Nc3 Bg4 6. Bb5 a6 7.
Bxc6+ bxc6 8. d3 d5 9. Qd2 d4 10. Na4 Bxf3 11. gxf3 Nh5 12. O-O-O Nf4 13. Nc5 Bxc5 14.
Rhg1 g6 15. c4 a5 16. Rg4 Bb4 17. Qc2 h5 18. Rg5 Qxg5 19. Rf1 Nxd3+ 20. Kd1 Nxb2+ 21. Ke2 d3+ 22. Qxd3 Nxd3 23. Kd1 Qd2# 0-1

[Event "Betsys MČR v online bleskovém šachu 2021"]
[Site "Chess.com"]
[Date "2021.04.17"]
[Round "2"]
[White "marosino"]
[Black "MaTpAt113"]
[Result "1-0"]
[WhiteElo "1590"]
[BlackElo "849"]
[TimeControl "180+1"]
[EndTime "9:14:57 PDT"]
[Termination "Uživatel marosino zvítězil po vzdání soupeře"]

1. b3 c6 2. Bb2 d5 3. g3 Bf5 4. Bg2 e6 5. Nf3 Nf6 6. O-O Bd6 7. d3 O-O 8. Re1 Qb6 9. Nbd2 Bc5 10. d4 Bd6 11. Ne5 Be4 12. Ndf3 Bxf3 13. exf3 Bxe5 14. dxe5 Nfd7 15. f4 Nc5 16. Bd4 Qb4 17. a3 Qa5 18.
b4 Qb5 19. Bxc5 Rd8 20. a4 Qc4 21. Bf1 Qe4 22. Rxe4 1-0

[Event "Betsys MČR v online bleskovém šachu 2021"]
[Site "Chess.com"]
[Date "2021.04.17"]
[Round "2"]
[White "bumurubac"]
[Black "Federer302"]
[Result "0-1"]
[WhiteElo "1015"]
[BlackElo "1639"]
[TimeControl "180+1"]
[EndTime "9:15:01 PDT"]
[Termination "Uživatel Federer302 zvítězil matem"]

1. e4 c5 2. Bc4 g6 3. Qf3 e6 4.
Nh3 Nc6 5. d3 Ne5 6. Qf4 Nxc4 7.
Ng5 Nh6 8. b3 Qa5+ 9. Bd2 Nxd2 10.
Qxd2 Qxd2+ 11. Nxd2 Bg7 12. O-O-O O-O 13. Ngf3 Ng4 14.
Rhf1 d5 15. exd5 exd5 16. Nc4 dxc4 17. dxc4 Bf5 18. h3 Ne5 19. Nxe5 Bxe5 20. Rfe1 Bf6 21. Rd5 b6 22. g4 Be4 23. Rxe4 Rad8 24. Rxd8 Rxd8 25.
Re2 Bg5+ 26. Kb2 Rd2 27. Re8+ Kg7 28. f3 Bf6+ 29. Kc1 Rh2 30. f4 Bc3 31. Re3 Rh1+ 32.
Re1 Rxe1# 0-1

[Event "Betsys MČR v online bleskovém šachu 2021"]
[Site "Chess.com"]
[Date "2021.04.17"]
[Round "2"]
[White "horvi1"]
[Black "Mikulas19"]
[Result "1-0"]
[WhiteElo "2233"]
[BlackElo "1888"]
[TimeControl "180+1"]
[EndTime "9:15:02 PDT"]
[Termination "Uživatel horvi1 zvítězil matem"]

1. e4 e5 2. f4 exf4 3. Nf3 g5 4. Bc4 g4 5. O-O gxf3 6. Qxf3 Qf6 7. d3 Bh6 8. Nc3 c6 9. e5 Qg6 10. Ne4 d5 11. exd6 Nd7 12. Bxf4 f5 13. Ng3 Ngf6 14. Rae1+ Kd8 15. Bxh6 Qxh6 16. Nxf5 Qg5 17. Re7 Qg4 18. Ng7 Qxf3 19. Ne6# 1-0

[Event "Betsys MČR v online bleskovém šachu 2021"]
[Site "Chess.com"]
[Date "2021.04.17"]
[Round "2"]
[White "Vesselovsky52"]
[Black "Bartusman"]
[Result "1-0"]
[WhiteElo "2324"]
[BlackElo "1981"]
[TimeControl "180+1"]
[EndTime "9:15:03 PDT"]
[Termination "Uživatel Vesselovsky52 zvítězil po vzdání soupeře"]

1. e4 c5 2. Ne2 g6 3. g3 Bg7 4.
Bg2 d6 5. c3 Nc6 6. d4 cxd4 7.
cxd4 Nf6 8. Nbc3 O-O 9. O-O a6 10. h3 Bd7 11. Be3 Rc8 12. f4 Na5 13. b3 b5 14. e5 Ne8 15. Qd2 e6 16. Rac1 d5 17. Nd1 Nc6 18. Nb2 Na5 19. Nd3 Nb7 20. Rxc8 Qxc8 21. Rc1 Qb8 22. Nc5 Nxc5 23. dxc5 Bc6 24.
Nd4 Qb7 25. Qa5 Nc7 26. Qb6 Rb8 27. Qxc6 1-0

[Event "Betsys MČR v online bleskovém šachu 2021"]
[Site "Chess.com"]
[Date "2021.04.17"]
[Round "2"]
[White "Patrik_Kohm"]
[Black "Petr_Zacek"]
[Result "1-0"]
[WhiteElo "1370"]
[BlackElo "1778"]
[TimeControl "180+1"]
[EndTime "9:15:04 PDT"]
[Termination "Uživatel Patrik_Kohm zvítězil po vzdání soupeře"]

1. e4 e6 2. d4 d5 3. e5 c5 4.
c3 Nc6 5. Nf3 Qb6 6. a3 Bd7 7.
Be2 cxd4 8. cxd4 Nge7 9. O-O Nf5 10. Be3 Nxe3 11. fxe3 Qxb2 12. Nbd2 Qb6 13. Ng5 Nxe5 14. Rb1 Qc7 15. dxe5 Qxe5 16. Nxf7 Qxe3+ 17. Kh1 Bc6 18.
Nxh8 Bd6 19. Rf3 Qh6 20. Rh3 Qg5 21. Qf1 Qe7 22. Rf3 O-O-O 23. Nf7 Re8 24. Nxd6+ Qxd6 25. Bb5 e5 26. Bxc6 bxc6 27. Rfb3 Kd7 28. Qf7+ Re7 29.
Rb7+ Kd8 30. Rxe7 1-0

[Event "Betsys MČR v online bleskovém šachu 2021"]
[Site "Chess.com"]
[Date "2021.04.17"]
[Round "2"]
[White "jonasstach"]
[Black "PetrVelicka"]
[Result "0-1"]
[WhiteElo "2005"]
[BlackElo "2384"]
[TimeControl "180+1"]
[EndTime "9:15:06 PDT"]
[Termination "Uživatel PetrVelicka zvítězil po vzdání soupeře"]

1. e4 Nf6 2. Nc3 e5 3. f4 d5 4. fxe5 Nxe4 5. Nf3 Nc6 6. d4 Bb4 7. Bd2 Nxd2 8. Qxd2 Bg4 9. Be2 Bxf3 10. Bxf3 Qh4+ 11. Kf1 Nxd4 12. Bxd5 O-O-O 13. Bc4 Nf5 0-1

[Event "Betsys MČR v online bleskovém šachu 2021"]
[Site "Chess.com"]
[Date "2021.04.17"]
[Round "2"]
[White "krystofkrizek1"]
[Black "JakubPulpan"]
[Result "0-1"]
[WhiteElo "2096"]
[BlackElo "2716"]
[TimeControl "180+1"]
[EndTime "9:15:07 PDT"]
[Termination "Uživatel JakubPulpan zvítězil po vzdání soupeře"]

1. Nf3 Nf6 2. g3 b6 3. d4 Bb7 4.
Bg2 c5 5. O-O cxd4 6. Qxd4 e6 7.
c4 d6 8. Nc3 Be7 9. e4 Nbd7 10.
Be3 O-O 11. Rad1 a6 12. Qd3 Qc7 13. b4 Rac8 14. Bf4 Qxc4 15. e5 Qxc3 16. exf6 Qxd3 17. Rxd3 Nxf6 18. Bxd6 Rfd8 19. Rfd1 Rxd6 20. Rxd6 Bxd6 0-1